 Dungeon Crawl Stone Soup version 0.31.0-11-ge490571c62 (webtiles) character file.

Game seed: 15744962422126773599

1228553 shadowrider38 the Petrodigitator (level 26, 170/170 HPs)
             Began as a Gargoyle Reaver on Jan 27, 2024.
             Was a High Priest of Sif Muna.
             Escaped with the Orb
             ... and 3 runes!
             The game lasted 03:31:06 (132831 turns).

shadowrider38 the Petrodigitator (GrRe)           Turns: 132831, Time: 03:31:06

Health: 170/170    AC: 41    Str: 23    XL:     26   Next: 12%
Magic:  27/43      EV: 16    Int: 30    God:    Sif Muna [*****.]
Gold:   1741       SH: 16    Dex:  9    Spells: 6/58 levels left

rFire   + . .        a - staff of Wec Aduo {rF+ rCorr Stlth+ Earth}
rCold   + + .        P - +5 kite shield
rNeg    + + .        S - +6 acid dragon scales
rPois   ∞            e - +2 hat {Int+3}
rElec   +            i - +0 cloak "Kaoleewk" {^Contam rPois Int+5 SInv}
rCorr   +            y - +2 pair of gloves
SInv    +            v - +2 pair of boots {Stlth+}
Will    ++...        r - amulet of Pyrenuec {rPois rC+ Regen+ rCorr Dex+2}
Stlth   +            g - ring of Fragile Peace {Will+ EV+5}
HPRegen 1.28/turn    c - ring of Nihilism {Wiz rC+ rN+ Slay+3, =R}
MPRegen 0.28/turn

%: wizardry (x1)
@: flying, studying Invocations
A: sickness immunity, AC +20, big wings, negative energy resistance 1,
electricity resistance, torment resistance 1, petrification resistance, horns 1,
strong 1, inability to drink after injury 1
0: Orb of Zot
}: 3/15 runes: serpentine, barnacled, slimy
a: Renounce Religion, Channel Magic, Forget Spell, Divine Exegesis


You escaped.
You worshipped Sif Muna.
Sif Muna was extremely pleased with you.
You visited 11 branches of the dungeon, and saw 52 of its levels.
You visited the Abyss 1 time.
You visited 1 bazaar.
You also visited: Bailey, Gauntlet and Volcano.

You collected 7638 gold pieces.
You spent 5897 gold pieces at shops.

Inventory:

Hand Weapons
 n - the +6 dagger of Kior {heavy, rPois rF++ Will-}
   (You found it on level 13 of the Dungeon)

   rF++:      It greatly protects you from fire.
   rPois:     It protects you from poison Will-: It decreases your willpower.
 A - the +8 demon trident "Rift" {distort, reach+}
   (You found it on level 5 of the Pits of Slime)
Missiles
 F - 7 curare-tipped darts
 Z - 6 throwing nets
Armour
 e - a +2 hat of intelligence (worn)
 i - the +0 cloak "Kaoleewk" (worn) {^Contam rPois Int+5 SInv}
   (You found it on level 3 of the Lair of Beasts)

   Int+5:     It affects your intelligence (+5).
   rPois:     It protects you from poison SInv: It lets you see invisible.
   ^Contam:   It causes magical contamination when unequipped.
 v - a +2 pair of boots of stealth (worn)
 y - a +2 pair of gloves (worn)
 P - a +5 kite shield (worn)
 S - +6 acid dragon scales (worn)
Magical Staves
 a - the staff of Wec Aduo (weapon) {rF+ rCorr Stlth+ Earth}
   (You found it on level 5 of the Pits of Slime)

   [staff of earth]

   Base accuracy: +5 Base damage: 5 Base attack delay: 1.2 This weapon's minimum
   attack delay (0.6) is reached at skill level 12.
   rF+:       It protects you from fire.
   rCorr:     It protects you from acid and corrosion.
   Stlth+:    It makes you more stealthy.
   Earth:     It increases the power of your Earth spells.
   It falls into the 'Staves' category.
   It is a one-handed weapon.
 s - the staff of Tuinyoc {Conj Earth}
   (You found it on level 5 of the Pits of Slime)

   [staff of earth]

   Base accuracy: +5 Base damage: 5 Base attack delay: 1.2 This weapon's minimum
   attack delay (0.6) is reached at skill level 12.
   Conj:      It increases the power of your Conjurations spells.
   Earth:     It increases the power of your Earth spells.
   It falls into the 'Staves' category.
   It is a one-handed weapon.
 Y - the staff of the Stork {+Blink rF+ Fire}
   (You found it on level 3 of the Depths)

   [staff of fire]

   Base accuracy: +5 Base damage: 5 Base attack delay: 1.2 This weapon's minimum
   attack delay (0.6) is reached at skill level 12.
   rF+:       It protects you from fire.
   +Blink:    It lets you blink.
   Fire:      It increases the power of your Fire spells.
   It falls into the 'Staves' category.
   It is a one-handed weapon.
Jewellery
 c - the ring of Nihilism (right hand) {Wiz rC+ rN+ Slay+3, =R}
   (You acquired it on level 14 of the Dungeon)

   [ring of wizardry]

   Wiz:       It improves your spell success rate.
   Slay+3:    It affects your accuracy & damage with ranged weapons and melee
   (+3).
   rC+:       It protects you from cold.
   rN+:       It protects you from negative energy.
 f - a ring of protection from fire
 g - the ring of Fragile Peace (left hand) {Will+ EV+5}
   (You bought it in a shop on level 1 of the Depths)

   [ring of evasion]

   EV+5:      It affects your evasion (+5).
   Will+:     It increases your willpower.
 r - the amulet of Pyrenuec (around neck) {rPois rC+ Regen+ rCorr Dex+2}
   (You took it off a vault sentinel on level 1 of the Vaults)

   [amulet of regeneration]

   Dex+2:     It affects your dexterity (+2).
   rC+:       It protects you from cold.
   rPois:     It protects you from poison Regen+: It increases your rate of
   health regeneration.
   rCorr:     It protects you from acid and corrosion.
 C - a +6 ring of intelligence
Wands
 d - a wand of mindburst (35)
 D - a wand of digging (7)
 E - a wand of charming (56)
 I - a wand of light (37)
 N - a wand of roots (65)
 V - a wand of flame (90)
Scrolls
 l - 6 scrolls of poison
 m - a scroll of revelation
 o - 14 scrolls of noise
 p - 10 scrolls of vulnerability
 x - 4 scrolls of enchant armour
 B - 7 scrolls of blinking
 G - 4 scrolls of fear
 J - 9 scrolls of immolation
 M - 3 scrolls of torment
 R - 26 scrolls of identify
 T - 16 scrolls of teleportation
 U - 9 scrolls of fog
 W - 2 scrolls of silence {!r}
Potions
 b - 6 potions of cancellation
 h - 6 potions of attraction
 j - 5 potions of brilliance
 k - 6 potions of invisibility
 t - 10 potions of mutation
 u - 13 potions of heal wounds
 w - 5 potions of resistance
 z - 4 potions of lignification
 H - 7 potions of haste
 K - 4 potions of ambrosia
 L - 4 potions of enlightenment
 O - 11 potions of might
 Q - 14 potions of curing
 X - 5 potions of magic


   Skills:
 + Level 18.9 Fighting
 - Level 3.0 Maces & Flails
 - Level 6.0 Polearms
 - Level 5.0 Dodging
 - Level 2.0 Stealth
 - Level 12.0 Shields
 + Level 16.7 Spellcasting
 - Level 20.0 Conjurations
 - Level 5.0 Hexes
 - Level 12.0 Summonings
 - Level 4.0 Translocations
 - Level 5.0 Fire Magic
 - Level 0.6 Air Magic
 O Level 27 Earth Magic
 - Level 12.0 Alchemy
 - Level 10.0 Invocations
 - Level 6.5 Evocations


You had 6 spell levels left.
You knew the following spells:

 Your Spells              Type           Power      Damage    Failure   Level
a - Lehudib's Crystal Sp  Conj/Erth      64%        10d15     1%          8
b - Shatter               Erth           68%        3d50*     2%          9
c - Yara's Violent Unrav  Hex/Alch       33%        3d14      1%          5
e - Blink                 Tloc           98%        N/A       1%          2
g - Passwall              Erth           100%       N/A       0%          3
h - Ignite Poison         Fire/Alch      66%        N/A       1%          4
j - Spellforged Servitor  Conj/Summ      44%        N/A       1%          7
r - Irradiate             Conj/Alch      44%        3d26      1%          5
t - Olgreb's Toxic Radia  Alch           77%        N/A       1%          4
w - Borgnjor's Vile Clut  Necr/Erth      51%        N/A       1%          5

Your spell library contained the following spells:

 Spells                   Type           Power      Damage    Failure   Level
 Foxfire                  Conj/Fire      100%       2x1d9     0%          1
 Magic Dart               Conj           100%       1d8       0%          1
 Sandblast                Erth           100%       2d20      0%          1
 Sting                    Conj/Alch      100%       1d9       0%          1
 Searing Ray              Conj           100%       2d8       0%          2
 Stone Arrow              Conj/Erth      100%       3d13      0%          3
 Animate Armour           Summ/Erth      100%       N/A       0%          4
 Brom's Barrelling Bould  Conj/Erth      100%       2d11      0%          4
 Leda's Liquefaction      Alch/Erth      59%        N/A       0%          4
 Petrify                  Alch/Erth      100%       N/A       0%          4
 Lee's Rapid Deconstruct  Erth           68%        3d31*     0%          5
 Apportation              Tloc           98%        N/A       1%          1
 Freeze                   Ice            100%       1d10      1%          1
 Kiss of Death            Conj/Necr      100%       2d13      1%          1
 Necrotise                Necr           100%       1d9       1%          1
 Shock                    Conj/Air       100%       1d9       1%          1
 Slow                     Hex            100%       N/A       1%          1
 Call Imp                 Summ           100%       N/A       1%          2
 Ensorcelled Hibernation  Hex/Ice        80%        N/A       1%          2
 Jinxbite                 Hex            100%       N/A       1%          2
 Lesser Beckoning         Tloc           98%        N/A       1%          2
 Mercury Vapours          Alch/Air       100%       N/A       1%          2
 Momentum Strike          Conj/Tloc      100%       3d10      1%          2
 Scorch                   Fire           100%       2d9       1%          2
 Static Discharge         Conj/Air       100%       3-8/arc   1%          2
 Call Canine Familiar     Summ           77%        N/A       1%          3
 Confusing Touch          Hex            53%        N/A       1%          3
 Dazzling Flash           Conj/Hex       100%       N/A       1%          3
 Gell's Gravitas          Tloc           49%        N/A       1%          3
 Hailstorm                Conj/Ice       71%        3d12      1%          3
 Inner Flame              Hex/Fire       53%        N/A       1%          3
 Mephitic Cloud           Conj/Alch/Air  74%        N/A       1%          3
 Sigil of Binding         Hex            53%        N/A       1%          3
 Summon Ice Beast         Ice/Summ       57%        N/A       1%          3
 Teleport Other           Tloc           49%        N/A       1%          3
 Tukima's Dance           Hex            53%        N/A       1%          3
 Volatile Blastmotes      Fire/Tloc      100%       2d18      1%          3
 Cause Fear               Hex            26%        N/A       1%          4
 Flame Wave               Conj/Fire      79%        2d17      1%          4
 Fulminant Prism          Conj/Alch      44%        3d19      1%          4
 Iskenderun's Mystic Bla  Conj/Tloc      77%        2d15      1%          4
 Martyr's Knell           Necr/Summ      57%        N/A       1%          4
 Sticky Flame             Fire/Alch      66%        2d11      1%          4
 Summon Blazeheart Golem  Fire/Summ      66%        N/A       1%          4
 Summon Lightning Spire   Summ/Air       58%        N/A       1%          4
 Alistair's Intoxication  Alch           51%        N/A       1%          5
 Arcjolt                  Conj/Air       36%        1d46      1%          5
 Fireball                 Conj/Fire      39%        3d16      1%          5
 Iskenderun's Battlesphe  Conj           98%        2d14      1%          5
 Summon Forest            Summ/Tloc      32%        N/A       1%          5
 Summon Mana Viper        Hex/Summ       66%        N/A       1%          5
 Bombard                  Conj/Erth      64%        9d11      1%          6
 Eringya's Noxious Bog    Alch           38%        4d6       1%          6
 Starburst                Conj/Fire      39%        6d11      1%          6
 Summon Cactus Giant      Summ           38%        N/A       1%          6
 Dimensional Bullseye     Hex/Tloc       25%        N/A       2%          4
 Manifold Assault         Tloc           49%        N/A       2%          4
 Freezing Cloud           Conj/Ice/Air   30%        6-21      2%          5
 Swiftness                Air            29%        N/A       3%          3
 Conjure Ball Lightning   Conj/Air       36%        3x3d12    3%          6
 Frozen Ramparts          Ice            50%        1d8       4%          3
 Fugue of the Fallen      Necr           25%        N/A       4%          3
 Ozocubu's Armour         Ice            25%        N/A       4%          3
 Vampiric Draining        Necr           25%        2d7       4%          3
 Anguish                  Hex/Necr       20%        N/A       5%          4
 Vhi's Electric Charge    Tloc/Air       78%        N/A       6%          4
 Airstrike                Air            14%        2d(3-19)  12%         4
 Silence                  Hex/Air        21%        N/A       13%         5
 Animate Dead             Necr           25%        N/A       16%         4
 Dispel Undead            Necr           25%        3d12      16%         4
 Metabolic Englaciation   Hex/Ice        20%        N/A       16%         5
 Sculpt Simulacrum        Ice/Alch       28%        N/A       19%         6
 Curse of Agony           Necr           25%        N/A       38%         5
 Dispersal                Tloc           24%        N/A       38%         6
 Plasma Beam              Fire/Air       21%        2x1d33    54%         6
 Death Channel            Necr           12%        N/A       89%         6
 Orb of Destruction       Conj           49%        9d13      1%          7
 Monstrous Menagerie      Summ           38%        N/A       9%          7
 Summon Hydra             Summ           38%        N/A       9%          7
 Malign Gateway           Summ/Tloc      32%        N/A       41%         7
 Summon Horrible Things   Summ           38%        N/A       54%         8
 Haunt                    Necr/Summ      28%        N/A       69%         7
 Ozocubu's Refrigeration  Ice            12%        4d10      100%        7
 Borgnjor's Revivificati  Necr           12%        N/A       100%        8
 Discord                  Hex            26%        N/A       100%        8
 Disjunction              Tloc           24%        N/A       100%        8
 Ignition                 Fire           26%        3d9       100%        8
 Infestation              Necr           12%        N/A       100%        8
 Maxwell's Capacitive Co  Air            14%        ∞         100%        8
 Chain Lightning          Conj/Air       36%        3d48      100%        9
 Death's Door             Necr           12%        N/A       100%        9
 Dragon's Call            Summ           38%        N/A       100%        9
 Fire Storm               Conj/Fire      39%        8d10      100%        9
 Polar Vortex             Ice            12%        12d1*     100%        9


Dungeon Overview and Level Annotations

Branches:
Dungeon (15/15)            Temple (1/1) D:5            Lair (5/5) D:10
 Shoals (4/4) Lair:3        Snake (4/4) Lair:2        Slime (5/5) Lair:4
    Orc (2/2) D:12            Elf (3/3) Orc:2        Vaults (4/5) D:13
  Crypt (0/3) Vaults:2     Depths (4/4) D:15            Zot (5/5) Depths:4
 Bailey (visited)         Volcano (visited)         Gauntlet (visited)

Altars:
Ashenzari
Cheibriados
Dithmenos
Elyvilon
Fedhas
Gozag
Hepliaklqana
Kikubaaqudgha
Makhleb
Nemelex Xobeh
Okawaru
Qazlal
Ru
Sif Muna
Trog
Uskayaw
Vehumet
Wu Jian
Xom
Yredelemnul
Zin
The Shining One
Jiyva

Shops:
D:8 ?   D:13 *   D:14 :   Orc:2 [*(:   Snake:2 *   Snake:4 *   Vaults:1 (
Vaults:2 [   Depths:1 ==:   Depths:4 [

Portals:
Hell: Depths:1 Depths:2 Depths:3 Depths:4
Abyss: Depths:1 Depths:2 Depths:3
Pandemonium: Depths:1 Depths:2
Ziggurat: Depths:2

Annotations:
D:1 exclusion: downstairs
D:2 exclusion: 2 downstairs
D:3 exclusion: downstairs
D:5 exclusion: 2 doors
D:6 exclusion: 2 downstairs
D:9 3 runed translucent doors, exclusion: downstairs, AbbaRin's ghost, novice TeCj
D:10 exclusion: downstairs
D:11 2 transporters, exclusion: 2 downstairs
Lair:1 exclusion: 2 downstairs
Lair:2 exclusion: downstairs
Lair:4 exclusion: 2 downstairs
Lair:5 exclusion: obsidian statue
Snake:1 exclusion: downstairs
Orc:1 1 runed translucent door, Jenowk's ghost, journeyman DjEE
Elf:2 3 runed translucent doors
Elf:3 1 exclusion
Vaults:1 exclusion: downstairs
Depths:1 exclusion: downstairs
Depths:3 4 transporters
Zot:5 1 exclusion


Innate Abilities, Weirdness & Mutations

You are immune to sickness and miasma.
Your stone body is resilient. (AC +20)
You are immune to poison.
Your large and strong wings let you fly.
You resist negative energy. (rN+)
You are resistant to electric shocks. (rElec)
You are resistant to unholy torment.
You are immune to petrification.
You have a pair of small horns on your head.
Your muscles are strong. (Str +4, Int/Dex -1)
You occasionally lose the ability to drink potions when taking damage.


Message History

A chaos spawn comes into view.
You see here a +0 mace.
Casting: Irradiate (safe; 1% risk of failure)
Confirm with . or Enter, or press ? or * to list all spells.
You summon a servant imbued with your destructive magic!
Your spellforged servitor points at the chaos spawn and mumbles some strange words.
The crystal spear hits the chaos spawn!!
The chaos spawn dies!
Sif Muna accepts your kill.
The chaos spawn degenerates into a cloud of primal chaos!
You see here a +0 mace.
There is an open door here.
There is a stone staircase leading up here.
You fly upwards.
Your summoned ally is left behind.
Level annotation: exclusion: downstairs
There is a stone staircase leading down here.
What level of the Dungeon? (default 1, ? - help) You're already here!
Magic restored.
There is an open door here.
An Ice Fiend comes into view.
Aiming: Borgnjor's Vile Clutch (safe; 1% risk of failure)
Press: ? - help, Q - select action, (/) - cycle Shift-Dir - straight line, f - Ice Fiend
Aim: an Ice Fiend (100% to hit)
You feel a surge of power!
Zombie hands grab the Ice Fiend.
The zombie hands constrict the Ice Fiend.
Casting: Borgnjor's Vile Clutch (safe; 1% risk of failure)
Confirm with . or Enter, or press ? or * to list all spells.
You summon a servant imbued with your destructive magic!
The zombie hands constrict the Ice Fiend!
You block the Ice Fiend's attack. The Ice Fiend closely misses you.
Casting: Spellforged Servitor (dangerous; 1% risk of failure)
Confirm with . or Enter, or press ? or * to list all spells.
Aiming: Lehudib's Crystal Spear (mildly dangerous; 1% risk of failure)
Press: ? - help, Shift-Dir - straight line, f/p - Ice Fiend
Aim: an Ice Fiend (lightly wounded, constricted by zombie hands, ally target, 100% to hit)
You feel a surge of power!
The crystal spear hits the Ice Fiend!!!!
The Ice Fiend is almost dead.
The zombie hands constrict the Ice Fiend!
You kill the Ice Fiend!
Sif Muna accepts your kill.
What level of the Dungeon? (default 1, ? - help) You're already here!
Unknown command.
You swap places.
You see here a +0 dagger.
There is a staircase leading out of the dungeon here.
You have escaped!

########### #.......#
#.........### #.......######
#...........######............#
###................#.............
#..............#)#...............
#.......#.....##.########.......#
#.......#######...## #.......#
#.......# ###..9..### #.......#
#.......# ##'...@...'## #.......#
#.......# #.##.....##.# ###...###
........# ##.##...##.## #.###
........# ##'##.##'## #.#
..>.##### ##.##.##.## #.#
......### ##...#'#...######'#####
..###...# #....+.'....#.........#
..#####.# ##...###...##.........#
....# #.# ##.## ##.###.....^...#


You could see a friendly spellforged servitor (summoned).

Vanquished Creatures
  the Royal Jelly (Slime:5)
  An orb of fire (Zot:5)
  A juggernaut (Depths:2)
  Boris (twice) (Depths:3 Depths:4)
  4 Killer Klowns (Zot:5)
  Parghit (Zot:4)
  A caustic shrike (Depths:3)
  A curse toe (Zot:5)
  2 golden dragons (Zot:5)
  A bone dragon (Depths:4)
  An electric golem (Zot:5)
  4 Orb Guardians (Zot:5)
  An Ice Fiend (D:1)
  3 tentacled monstrosities
  Jorgrun (Orc:2)
  A deep elf master archer (Elf:3)
  3 liches (Depths:3)
  6 quicksilver dragons
  2 deep elf blademasters (Elf:3)
  3 sphinxes
  A kraken (Shoals:4)
  8 acid blobs
  A tentacled starspawn (Abyss:2)
  4 shadow dragons
  2 tengu reavers
  Agnes (D:14)
  A storm dragon (Depths:3)
  7 rockslimes
  2 nagarajas (Snake:4)
  5 azure jellies
  2 draconian knights (Depths:4)
  3 draconian monks
  Aizul (Shoals:1)
  11 vault wardens
  5 deep elf sorcerers
  Ilsuiw (Shoals:2)
  3 fire giants
  A frost giant (Depths:3)
  4 deep elf elementalists
  2 draconian scorchers (Zot:1)
  A draconian shifter (Zot:1)
  A reaper (Depths:2)
  2 draconian stormcallers
  4 orc warlords
  A spriggan defender (Depths:4)
  9 ironbound preservers
  23 very ugly things
  6 stone giants
  4 formless jellyfish
  5 quicksilver oozes
  6 ironbound thunderhulks
  2 vampire knights (Depths:3)
  6 deep elf death magi
  2 black draconians
  A minotaur (Gauntlet)
  8 deep elf demonologists
  8 dire elephants
  4 red draconians
  2 yellow draconians (Zot:1)
  2 green draconians
  Azrael (Orc:2)
  4 deep elf annihilators (Elf:3)
  3 spark wasps (Depths:2)
  2 white draconians
  5 purple draconians
  9 merfolk javelineers
  A fire dragon (Volcano)
  5 merfolk impalers
  Snorg (Lair:4)
  An entropy weaver (shapeshifter) (D:15)
  4 ettins
  Erolcha (Orc:2)
  5 yaktaur captains
  3 great orbs of eyes
  2 hell beasts
  2 spriggan air magi
  A salamander tyrant (Snake:4)
  An entropy weaver (Vaults:4)
  11 vault guards
  5 merfolk avatars
  An ogre mage (Orc:1)
  4 hydras
  A catoblepas (Lair:1)
  3 alligator snapping turtles
  5 two-headed ogres
  5 centaur warriors
  12 ironbound frosthearts
  2 boulder beetles
  5 anacondas
  13 dancing weapons
  A satyr (Shoals:4)
  4 deep troll shamans
  5 death yaks
  8 naga warriors
  5 orc high priests
  6 shock serpents
  2 hell hogs (Abyss:2)
  7 tengu warriors
  9 deep troll earth magi
  3 vampire magi
  7 naga sharpshooters
  9 spriggan berserkers
  A thrashing horror (Abyss:2)
  Nergalle (Lair:3)
  2 occultists (D:15)
  An iron troll (Depths:4)
  7 deep elf knights
  3 salamander mystics (Snake:3)
  A spectral death yak (Lair:5)
  A wretched star (Abyss:2)
  A shadow wraith (Vaults:2)
  Amaemon (Lair:2)
  2 skysharks
  A sixfirhy (Gauntlet)
  13 sea snakes
  5 skeletal warriors
  A goliath frog (shapeshifter) (Depths:3)
  An orb spider (shapeshifter) (Depths:1)
  46 deep trolls
  3 glowing orange brains
  A glowing orange brain (shapeshifter) (Depths:3)
  A spectral anaconda (Lair:5)
  A flayed ghost (Depths:3)
  4 arcanists
  3 naga ritualists
  9 deep elf archers
  4 bog bodies (Shoals:2)
  19 ironbound convokers
  3 nameless horrors (Snake:4)
  6 mana vipers
  A phantasmal warrior (Vaults:1)
  10 lindwurms
  20 harpies
  21 deep elf zephyrmancers
  4 necromancers (Lair:5)
  33 deep elf pyromancers
  17 orc knights
  4 large abominations
  28 ugly things
  18 cyclopes
  5 orc sorcerers
  14 manticores
  7 merfolk sirens
  6 moths of wrath
  19 fauns
  6 water nymphs
  A dire elephant zombie (Lair:5)
  5 salamanders
  16 elephants
  2 kobold blastminers (Orc:2)
  A water nymph (shapeshifter) (Depths:3)
  2 rust devils
  An orange demon (Lair:2)
  12 vault sentinels
  A guardian serpent (Snake:4)
  A cane toad (shapeshifter) (D:15)
  An ice statue (Lair:3)
  8 naga magi
  5 gargoyles
  25 black mambas
  A smoke demon (Volcano)
  2 unseen horrors
  17 cane toads
  2 rime drakes
  2 freezing wraiths (D:14)
  An efreet (D:14)
  An ice devil (Lair:3)
  A kobold demonologist (D:12)
  10 komodo dragons
  3 tengu conjurers
  17 yaktaurs
  28 merfolk
  3 ancient zymes (Abyss:2)
  3 polar bears
  5 hornets
  Prince Ribbit (D:9)
  4 raiju (Abyss:2)
  9 trolls
  2 wind drakes
  22 blink frogs
  A tengu simulacrum (Depths:3)
  8 dream sheep
  10 snapping turtles
  A slime creature (shapeshifter) (Depths:4)
  3 glass eyes
  49 slime creatures
  3 shadows
  4 spriggans
  5 air elementals
  5 wyverns
  6 water elementals
  2 wraiths (D:10)
  3 starcursed masses (Abyss:2)
  49 yaks
  6 basilisks
  3 wargs
  3 fire bats (Lair:3)
  A golden eye (Slime:4)
  5 humans (D:13)
  Grum (D:9)
  2 steam dragons (Volcano)
  A death yak simulacrum (Lair:5)
  9 fire elementals
  5 redbacks
  4 spectral cane toads (Lair:5)
  2 vampire mosquitoes (D:12)
  38 nagas
  3 acid dragons
  16 water moccasins
  3 hell hounds (Volcano)
  A black bear (D:5)
  30 orc warriors
  13 ice beasts
  17 ogres
  7 small abominations
  3 elephant zombies (Lair:5)
  2 sky beasts (D:7)
  5 boggarts
  11 wolves
  19 centaurs
  2 kobold brigands
  14 bullfrogs
  5 earth elementals
  3 scorpions
  2 gnoll sergeants
  3 wights (D:8)
  4 killer bees
  An elephant simulacrum (Lair:5)
  2 electric eels
  4 howler monkeys
  A bombardier beetle (D:7)
  4 hounds
  11 orc priests
  3 jellies
  5 iguanas
  17 orc wizards
  13 gnolls
  9 adders
  4 river rats (D:6)
  4 white imps
  6 ufetubi
  4 dart slugs
  2 ribbon worms (D:2)
  77 orcs
  4 ball pythons
  10 bats
  8 endoplasms
  4 giant cockroaches
  11 goblins
  9 hobgoblins
  5 jackals
  8 kobolds
  5 quokkas
  3 frilled lizards
  2 rats
  A lurking horror (Abyss:2)
  2 tentacles (Shoals:4)
1587 creatures vanquished.

Vanquished Creatures (collateral kills)
  Mara (Depths:3)
  2 juggernauts (Depths:3)
  A Killer Klown (Zot:5)
  A caustic shrike (Depths:3)
  Boris (Depths:1)
  A golden dragon (Depths:3)
  7 tentacled monstrosities
  2 walking earthen tomes
  6 Orb Guardians (Zot:5)
  A deep elf master archer (Elf:3)
  2 sphinxes (Depths:3)
  A titan (Depths:3)
  6 acid blobs
  A tentacled starspawn (Abyss:2)
  3 death cobs
  2 tengu reavers
  4 shadow dragons
  3 storm dragons
  3 draconian monks
  A draconian knight (Zot:4)
  6 fire giants
  A nagaraja (Snake:4)
  3 rockslimes
  3 frost giants
  4 azure jellies
  A deep elf sorcerer (Elf:3)
  4 draconian shifters
  4 iron dragons (Depths:3)
  2 balrugs
  4 vault wardens
  2 orc warlords
  A reaper (D:12)
  2 quicksilver oozes (Slime:5)
  8 ironbound preservers
  2 ironbound thunderhulks
  5 stone giants
  2 draconian stormcallers
  A spriggan defender (Depths:3)
  11 very ugly things
  A deep elf demonologist (Elf:3)
  2 formless jellyfish
  A vampire knight (Depths:3)
  3 black draconians
  2 deep elf annihilators (Elf:3)
  4 green draconians
  2 yellow draconians
  A dire elephant (Vaults:1)
  A war gargoyle (Vaults:4)
  2 purple draconians
  A spark wasp (Depths:2)
  A green death (Abyss:2)
  3 red draconians
  3 ettins
  A quicksilver dragon zombie (Depths:3)
  6 yaktaur captains
  10 fire dragons
  2 great orbs of eyes
  A deep elf high priest (Elf:3)
  10 ice dragons
  A salamander tyrant (Snake:3)
  2 entropy weavers
  2 rakshasas
  A hell beast (Depths:2)
  4 vault guards
  A merfolk avatar (Shoals:4)
  4 ironbound frosthearts
  An anaconda (Snake:4)
  2 peacekeepers (Vaults:3)
  A spriggan air mage (Depths:2)
  3 deep troll shamans
  4 tengu warriors
  A boulder beetle (Vaults:2)
  2 deep troll earth magi (Depths:3)
  3 two-headed ogres (D:10)
  2 death knights (Vaults:2)
  A dancing weapon (Elf:3)
  4 naga sharpshooters (Snake:4)
  2 hell hogs (Abyss:2)
  A thrashing horror (Abyss:2)
  A shock serpent (Snake:4)
  5 iron trolls
  A sun demon (Depths:2)
  A salamander mystic (Snake:4)
  A spectral spark wasp (Depths:3)
  A sixfirhy (D:8)
  A golden dragon zombie (Depths:3)
  2 large abominations (Abyss:2)
  2 mana vipers (Snake:4)
  17 deep trolls
  3 naga ritualists (Snake:4)
  An arcanist (Vaults:3)
  A lindwurm (Vaults:1)
  4 ironbound convokers
  4 orc knights
  A phantasmal warrior (Vaults:4)
  3 harpies
  15 ugly things
  A necromancer (Depths:3)
  4 moths of wrath
  2 shining eyes
  A shadow dragon skeleton (Depths:3)
  A worldbinder (Abyss:2)
  A manticore (Shoals:4)
  35 slime creatures
  3 guardian serpents (Snake:4)
  3 naga magi (Snake:4)
  2 rust devils (Depths:1)
  6 vault sentinels
  7 black mambas
  An apocalypse crab (Abyss:2)
  An orange demon (Abyss:2)
  A freezing wraith (Depths:3)
  14 yaktaurs
  2 tengu conjurers (Depths:2)
  An ancient zyme (Abyss:2)
  A hellwing (Depths:3)
  3 blink frogs (Lair:1)
  3 glass eyes
  A raiju (Abyss:2)
  An air elemental (Elf:3)
  9 water elementals
  2 wraiths (Abyss:2)
  6 golden eyes
  A fire elemental (Abyss:2)
  A redback (Vaults:4)
  A chaos spawn (D:2)
  A glowing shapeshifter zombie (Depths:3)
  5 small abominations (Abyss:2)
  5 nagas (Snake:4)
  A water moccasin (Lair:1)
  A weeping skull (Abyss:2)
  An earth elemental (Abyss:2)
  3 killer bees (D:10)
  A quasit (Abyss:2)
  11 boulders
  2 starspawn tentacles (Abyss:2)
424 creatures vanquished.

Vanquished Creatures (others)
  A frost giant (Depths:2)
  A salamander tyrant (Snake:4)
  A naga warrior (Snake:4)
  A moth of wrath (Zot:1)
  A wraith (Abyss:2)
  2 killer bees (D:10)
  9 boulders
  124 fulminant prisms
  4 starspawn tentacles (Abyss:2)
  2 tentacles (Shoals:4)
146 creatures vanquished.

Grand Total: 2157 creatures vanquished

Notes
Turn   | Place    | Note
-------+----------+-------------------------------------------
     0 | D:1      | shadowrider38 the Gargoyle Reaver began the quest for the
                  | Orb.
     0 | D:1      | Reached XP level 1. HP: 12/12 MP: 3/3
   661 | D:1      | Reached skill level 3 in Fighting
   661 | D:1      | Reached XP level 2. HP: 16/19 MP: 5/5
   673 | D:1      | Learned a level 1 spell: Shock
  1123 | D:1      | Learned a level 2 spell: Searing Ray
  1510 | D:2      | Reached XP level 3. HP: 23/23 MP: 0/6
  2657 | D:2      | Reached XP level 4. HP: 28/28 MP: 2/7
  2718 | D:2      | Learned a level 3 spell: Stone Arrow
  3083 | D:3      | Reached skill level 1 in Earth Magic
  3341 | D:3      | Reached skill level 2 in Earth Magic
  4003 | D:3      | Reached skill level 3 in Earth Magic
  4003 | D:3      | Reached XP level 5. HP: 32/32 MP: 4/8
  5092 | D:4      | Reached skill level 4 in Earth Magic
  5160 | D:4      | Noticed an ogre
  5508 | D:3      | Reached skill level 5 in Earth Magic
  5508 | D:3      | Reached XP level 6. HP: 37/37 MP: 5/9
  6646 | D:4      | You fall into a shaft and drop 3 floors!
  6694 | D:7      | Noticed a yak
  6701 | D:6      | Reached skill level 3 in Spellcasting
  6701 | D:6      | Reached XP level 7. HP: 43/43 MP: 7/11
  7494 | D:5      | Entered Level 5 of the Dungeon
  7581 | D:5      | Identified the +4 glaive "Yxewuf" {flame, rPois rN+}
  8655 | D:4      | Found an iron altar of Okawaru.
  8924 | D:5      | Reached skill level 6 in Earth Magic
  8924 | D:5      | Reached XP level 8. HP: 40/48 MP: 3/13
  9307 | D:5      | Found a staircase to the Ecumenical Temple.
  9313 | Temple   | Entered the Ecumenical Temple
  9343 | Temple   | Became a worshipper of Sif Muna the Loreminder
  9588 | D:5      | Reached skill level 7 in Earth Magic
 10911 | D:7      | Killed a yak
 10912 | D:7      | Reached skill level 3 in Polearms
 10912 | D:7      | Reached XP level 9. HP: 54/54 MP: 4/17
 10998 | D:7      | Learned a level 2 spell: Blink
 11946 | D:6      | Reached skill level 8 in Earth Magic
 14482 | D:8      | Reached skill level 9 in Earth Magic
 14482 | D:8      | Reached XP level 10. HP: 60/60 MP: 12/19
 14793 | D:8      | Reached * piety under Sif Muna
 14818 | D:8      | Found The Oracle's Delphic Readings.
 14826 | D:8      | Learned a level 1 spell: Sandblast
 14830 | D:8      | Learned a level 3 spell: Passwall
 14836 | D:8      | Learned a level 4 spell: Brom's Barrelling Boulder
 14841 | D:8      | Bought a scroll of blinking for 97 gold pieces
 14841 | D:8      | Bought a scroll of teleportation for 39 gold pieces
 14841 | D:8      | Bought a scroll of teleportation for 39 gold pieces
 14841 | D:8      | Bought a scroll of enchant armour for 97 gold pieces
 15223 | D:9      | Noticed Grum
 15237 | D:9      | Killed Grum
 15298 | D:9      | Identified the +0 ring mail of Cosch {Harm Dex+4}
 15307 | D:9      | Found a flagged portal.
 15431 | D:9      | Noticed Prince Ribbit
 15447 | D:9      | Killed Prince Ribbit
 15535 | Bailey   | Entered a bailey
 15904 | Bailey   | Noticed an orc knight
 16182 | Bailey   | Killed an orc knight
 16275 | Bailey   | Noticed an orc knight
 16307 | Bailey   | Killed an orc knight
 16308 | Bailey   | Reached skill level 9 in Conjurations
 16308 | Bailey   | Reached skill level 10 in Earth Magic
 17430 | D:9      | Found a runed translucent gate.
 17433 | D:9      | Found a runed translucent gate.
 17434 | D:9      | Found a runed translucent gate.
 17624 | D:9      | Noticed AbbaRin's ghost (novice TeCj)
 17663 | D:10     | Entered Level 10 of the Dungeon
 17822 | D:10     | Noticed a centaur warrior
 17832 | D:10     | Killed a centaur warrior
 17833 | D:10     | Reached XP level 11. HP: 57/64 MP: 5/21
 18082 | D:10     | Noticed a two-headed ogre
 18088 | D:10     | Noticed a two-headed ogre
 18089 | D:10     | Killed a two-headed ogre
 18090 | D:10     | Reached skill level 3 in Dodging
 18094 | D:10     | Reached ** piety under Sif Muna
 18096 | D:10     | Noticed a two-headed ogre
 18098 | D:10     | Noticed a two-headed ogre
 18103 | D:10     | Killed a two-headed ogre
 18108 | D:10     | Killed a two-headed ogre
 18114 | D:10     | Killed a two-headed ogre
 18599 | D:10     | Reached skill level 3 in Alchemy
 18888 | D:10     | Noticed a two-headed ogre
 19559 | D:10     | Killed a two-headed ogre
 19565 | D:10     | Learned a level 4 spell: Fulminant Prism
 19856 | D:10     | Found a staircase to the Lair.
 20497 | Lair:1   | Entered Level 1 of the Lair of Beasts
 20553 | Lair:1   | Reached XP level 12. HP: 57/73 MP: 9/24
 22267 | Lair:2   | Noticed a catoblepas
 22340 | Lair:2   | Reached *** piety under Sif Muna
 23262 | D:11     | Found a gate leading to a gauntlet.
 23272 | Gauntlet | Entered a Gauntlet
 23272 | Gauntlet | Found a transporter.
 23291 | Gauntlet | Found a transporter.
 23296 | Gauntlet | Found a transporter.
 23301 | Gauntlet | Found a transporter.
 23301 | Gauntlet | Noticed a death yak
 23317 | Gauntlet | Found a transporter.
 23334 | Gauntlet | Noticed a death yak
 23334 | Gauntlet | Noticed a death yak
 23336 | Gauntlet | Found a transporter.
 23348 | Gauntlet | Found a transporter.
 23349 | Gauntlet | Noticed a hell hog
 23360 | Gauntlet | Found a transporter.
 23366 | Gauntlet | Found a transporter.
 23366 | Gauntlet | Found a transporter.
 23382 | Gauntlet | Noticed an entropy weaver
 23383 | Gauntlet | Found a transporter.
 23395 | Gauntlet | Found a transporter.
 23412 | Gauntlet | Found a transporter.
 23429 | Gauntlet | Found a transporter.
 23431 | Gauntlet | Found a transporter.
 23461 | Gauntlet | Found a transporter.
 23463 | Gauntlet | Found a transporter.
 23487 | Gauntlet | Found a transporter.
 23712 | Gauntlet | Reached skill level 9 in Fighting
 24326 | Gauntlet | Reached XP level 13. HP: 60/82 MP: 5/25
 24452 | Gauntlet | Identified the +2 pair of gloves "Raulib" {Fly Will- Str+7}
 24486 | Gauntlet | Identified the +5 war axe "Conservator" {freeze, +Blink
                  | Int-3 Dex+8}
 24486 | Gauntlet | Noticed a minotaur
 24501 | Gauntlet | Killed a minotaur
 24739 | Gauntlet | Identified the +5 leather armour "Ijeos" {^Drain rC+ Regen+
                  | Str-2 Dex+4}
 24838 | D:11     | Found a transporter.
 24838 | D:11     | Noticed a yaktaur captain
 24840 | D:11     | Noticed a fire dragon
 24982 | D:8      | Bought a book of Spontaneous Combustion for 494 gold pieces
 24984 | D:8      | Bought a scroll of identify for 26 gold pieces
 24993 | D:8      | Learned a level 5 spell: Irradiate
 25114 | D:11     | Found a transporter.
 25202 | D:11     | Identified the amulet of Esohouwull {Spirit Harm rC+ Dex-4}
 27162 | Lair:2   | Reached **** piety under Sif Muna
 27312 | Lair:2   | Noticed Amaemon
 27964 | Lair:2   | Killed Amaemon
 28473 | Lair:2   | Found a staircase to the Snake Pit.
 29504 | Lair:3   | Found a dark tunnel.
 29568 | Volcano  | Entered a volcano
 30016 | Volcano  | Reached skill level 3 in Shields
 30210 | Volcano  | Noticed a fire dragon
 30326 | Volcano  | Killed a fire dragon
 30327 | Volcano  | Reached skill level 3 in Translocations
 30810 | Lair:3   | Found a staircase to the Shoals.
 30855 | Lair:3   | Identified the +3 scale mail of Unreason {+Blink Int+2
                  | Stlth+}
 30867 | Lair:3   | Noticed Nergalle
 30875 | Lair:3   | Killed Nergalle
 30876 | Lair:3   | Gained mutation: Your large and strong wings let you fly.
                  | [Gargoyle growth]
 30876 | Lair:3   | Reached XP level 14. HP: 69/88 MP: 4/26
 31194 | Lair:3   | shadowrider38: !nchoice
 31194 | Lair:3   | beem: Time for a new nchoice! It will appear shortly on the
                  | tournament website (if it hasn't yet). Type "=nemelex XXXX"
                  | to update !nchoice with the new combo, where XXXX should be
                  | replaced by the new combo.
 31194 | Lair:3   | shadowrider38: !nchoice grre
 31217 | Lair:3   | beem: GrRe: 0 wins || particleface: CKO, L20 Slayer of
                  | Hepliaklqana || bookman: CAO, L19 Devastator of Vehumet ||
                  | AutarchDCSS: CAO, L15 Slicer of Sif Muna || Sergey: CXC,
                  | L14 Thaumaturge of Sif Muna || grumposus: CKO, L14 Basher
                  | of Ashenzari || shadowrider38: CBR2, L13 Destroyer of Sif
                  | Muna || jt: CXC, L13 Fighter of Yredelemnul || TobyConnect:
                  | CXC, L12 Fighter of Gozag || Gryn: CKO, L11 Basher of Wu
 31218 | Lair:3   | beem: Jian || Dani: CAO, L10 Cleaver of Okawaru ||
                  | flestrin: CXC, L10 Basher of Okawaru || Theoretic: CBR2, L9
                  | Destroyer of Vehumet || Skimidon: CXC, L7 Trooper of No God
                  | || zkyp: CXC, L6 Chopper of Makhleb || puimuR: CUE, L4
                  | Chopper of The Shining One
 32303 | Lair:3   | Identified the +0 cloak "Kaoleewk" {^Contam rPois Int+5
                  | SInv}
 33164 | Lair:3   | Found a staircase to the Shoals.
 33691 | Lair:4   | Noticed Snorg
 33840 | Lair:4   | Killed Snorg
 34906 | Lair:3   | Found a staircase to the Shoals.
 35827 | Lair:4   | Found a runed translucent door.
 35827 | Lair:4   | Noticed an acid blob
 35828 | Lair:4   | Found a viscous altar of Jiyva.
 35829 | Lair:4   | Found a staircase to the Slime Pits.
 35829 | Lair:4   | Noticed an acid blob
 35843 | Lair:5   | Entered Level 5 of the Lair of Beasts
 35849 | Lair:5   | Reached skill level 9 in Shields
 37688 | Lair:5   | Reached ***** piety under Sif Muna
 38989 | Lair:5   | Noticed a dire elephant
 38989 | Lair:5   | Noticed a dire elephant
 38989 | Lair:5   | Noticed a dire elephant
 38993 | Lair:5   | Noticed a dire elephant
 39076 | Lair:5   | Killed a dire elephant
 39220 | Lair:5   | Reached skill level 9 in Alchemy
 39551 | Lair:5   | Reached XP level 15. HP: 92/92 MP: 17/27
 39867 | Lair:5   | Reached skill level 15 in Conjurations
 42190 | Lair:5   | Got Wizardry, Part Two
 43438 | D:12     | Found a radiant altar of Vehumet.
 43869 | D:12     | Found a staircase to the Orcish Mines.
 45690 | D:12     | Found a staircase to the Orcish Mines.
 45994 | D:12     | Found a radiant altar of Vehumet.
 46381 | Orc:1    | Entered Level 1 of the Orcish Mines
 46670 | Orc:2    | Entered Level 2 of the Orcish Mines
 46670 | Orc:2    | Noticed Azrael
 46927 | Orc:2    | Killed Azrael
 47019 | Orc:2    | Noticed an orc warlord
 47229 | D:12     | Killed an orc warlord
 47526 | Orc:1    | Received a gift from Sif Muna
 47527 | Orc:1    | Got Sif Muna's Book of Sidekicks and the Anticline {god
                  | gift}
 47918 | Orc:2    | Found Faph's Antique Weapon Boutique.
 47950 | Orc:2    | Noticed Sonja
 47952 | Orc:2    | Sonja changed into Sonja the hornet
 47952 | Orc:2    | Noticed Sonja
 47959 | Orc:2    | Killed Sonja the hornet
 47960 | Orc:2    | Reached skill level 9 in Spellcasting
 48175 | Orc:2    | Noticed Jorgrun
 48217 | Orc:2    | Killed Jorgrun
 48487 | Orc:2    | Found Hazopsor's Antique Armour Emporium.
 48516 | Orc:2    | Found a staircase to the Elven Halls.
 48944 | Orc:2    | Noticed Erolcha
 48980 | Orc:2    | Killed Erolcha
 49250 | Orc:2    | Found Oshrok's General Store.
 49259 | Orc:2    | Reached skill level 3 in Evocations
 49663 | Orc:2    | Found Buot's Book Shoppe.
 50221 | Orc:1    | Found a runed translucent door.
 50221 | Orc:1    | Found a shimmering altar of Xom.
 50221 | Orc:1    | Noticed Jenowk's ghost (journeyman DjEE)
 50328 | Orc:1    | Reached XP level 16. HP: 74/97 MP: 14/29
 50713 | D:13     | Identified a scroll of acquirement
 50714 | D:13     | Acquired 1082 gold pieces
 51075 | D:13     | Found Bemulebb's Assorted Antiques.
 51083 | D:13     | Bought a scroll of blinking for 195 gold pieces
 51083 | D:13     | Bought 3 scrolls of fog for 312 gold pieces
 51083 | D:13     | Bought a scroll of teleportation for 78 gold pieces
 51083 | D:13     | Bought a scroll of enchant armour for 195 gold pieces
 51140 | D:13     | Received a gift from Sif Muna
 51141 | D:13     | Got Sif Muna's Grimoire of the Hornet {god gift}
 51737 | Orc:2    | Bought the Folio of Alluring Conjuring for 576 gold pieces
 51745 | Orc:2    | Learned a level 7 spell: Orb of Destruction
 51912 | D:13     | Found a gate to the Vaults.
 51954 | D:13     | Found a burning altar of Makhleb.
 52028 | D:13     | Identified the +6 dagger of Kior {heavy, rPois rF++ Will-}
 52765 | D:14     | Noticed Agnes
 52772 | D:14     | Killed Agnes
 53972 | D:14     | Acquired the ring of Nihilism {Wiz rC+ rN+ Slay+3}
 54008 | D:14     | Noticed Nessos
 54596 | D:14     | Nessos changed into Nessos the cyclops
 54596 | D:14     | Noticed Nessos
 54600 | D:14     | Killed Nessos the cyclops
 54815 | D:14     | Found a shimmering blue altar of Sif Muna.
 55003 | D:14     | Found Biut's Tremendous Tomes.
 55062 | D:15     | Entered Level 15 of the Dungeon
 55517 | D:14     | Received a gift from Sif Muna
 55518 | D:14     | Got Sif Muna's Almanac of the Dusty Legion {god gift}
 56022 | D:15     | Identified the +6 spear of Blood-Lust {pain, Str+4}
 56453 | D:15     | Found a staircase to the Depths.
 56897 | D:14     | Bought the Volume of the Cucurbite and Scree for 1032 gold
                  | pieces
 56903 | D:14     | Learned a level 4 spell: Ignite Poison
 56908 | D:14     | Learned a level 4 spell: Olgreb's Toxic Radiance
 57132 | Shoals:1 | Entered Level 1 of the Shoals
 57489 | Shoals:1 | Reached skill level 3 in Fire Magic
 58399 | Shoals:1 | Reached XP level 17. HP: 106/106 MP: 3/31
 59072 | Shoals:1 | Identified the +9 battleaxe of Vengeance {freeze, rN+
                  | Dex+5}
 60443 | Shoals:2 | Reached skill level 9 in Invocations
 61150 | Shoals:2 | Identified the serpent talisman of Xiabaz {rF+ rN+ Int+2}
 61150 | Shoals:2 | Noticed Aizul
 61157 | Shoals:2 | Noticed Ilsuiw
 61172 | Shoals:1 | Killed Aizul
 61943 | Shoals:2 | Killed Ilsuiw
 64388 | Snake:1  | Entered Level 1 of the Snake Pit
 66665 | Snake:2  | Found Hyiheb's CLEARANCE SALE!.
 66984 | Snake:2  | Received a gift from Sif Muna
 66985 | Snake:2  | Got Sif Muna's Quarto of Flashy Astrapomancy {god gift}
 66994 | Snake:2  | Reached XP level 18. HP: 112/112 MP: 13/32
 67127 | Snake:2  | Bought a scroll of identify for 6 gold pieces
 67127 | Snake:2  | Bought a scroll of identify for 6 gold pieces
 67537 | Snake:2  | Identified the +0 trident of Regaoc {venom, +Blink Fly
                  | Dex+3}
 71621 | Elf:1    | Entered Level 1 of the Elven Halls
 71786 | Elf:1    | Paralysed by an air elemental for 1 turns
 72125 | Elf:1    | Paralysed by an air elemental for 1 turns
 72918 | Elf:1    | Paralysed by an air elemental for 1 turns
 74044 | Elf:1    | Got the Papyrus of Amassed Blows
 75341 | Elf:2    | Found a runed translucent gate.
 75341 | Elf:2    | Found a runed translucent gate.
 75347 | Elf:2    | Found a runed translucent gate.
 75920 | Elf:2    | Identified the +2 rapier "Rocwew" {freeze, rElec Dex+3}
 76322 | Shoals:4 | Entered Level 4 of the Shoals
 76441 | Shoals:4 | Reached XP level 19. HP: 119/119 MP: 11/35
 76546 | Shoals:3 | Learned a level 7 spell: Spellforged Servitor
 76714 | Shoals:4 | Identified the +0 ring mail of Lutueh {*Slow Str+5 Dex+4}
 76897 | Shoals:4 | Found a bloodstained altar of Trog.
 77230 | Shoals:4 | Reached skill level 3 in Summonings
 77713 | Shoals:4 | Received a gift from Sif Muna
 77729 | Shoals:4 | Got Sif Muna's Tractate on Singed Despicable Mysteries {god
                  | gift}
 78363 | Shoals:4 | Got a barnacled rune of Zot
 79149 | Shoals:4 | Identified the +4 trident of False Accusations {pain, rN+
                  | Will+ Str+2 Dex-5}
 79662 | Shoals:4 | Got Tauhoffo's Thoughts on Frostbite
 79938 | Shoals:4 | Got the Elucidation of Cloudy Spelunking
 80149 | Snake:4  | Entered Level 4 of the Snake Pit
 80149 | Snake:4  | Found an ancient bone altar of Kikubaaqudgha.
 81311 | Snake:4  | Found Tinem's General Store.
 81531 | Snake:4  | Bought a potion of heal wounds for 80 gold pieces
 81531 | Snake:4  | Bought a scroll of blinking for 120 gold pieces
 81531 | Snake:4  | Bought a potion of magic for 128 gold pieces
 82578 | Snake:4  | Reached skill level 9 in Summonings
 83063 | Snake:4  | Got a serpentine rune of Zot
 83464 | Elf:3    | Entered Level 3 of the Elven Halls
 84283 | Elf:3    | Noticed a Brimstone Fiend
 85015 | Elf:3    | Reached XP level 20. HP: 114/124 MP: 5/36
 85174 | Elf:3    | Identified the +8 mace "Onoam" {flame, Str+5}
 85607 | Abyss:2  | Cast into level 2 of the Abyss (a deep elf sorcerer)
 85796 | Abyss:2  | Found a corrupted altar of Lugonu.
 86056 | Abyss:2  | Found a corrupted altar of Lugonu.
 86057 | Abyss:2  | Found a corrupted altar of Lugonu.
 86057 | Abyss:2  | Found a corrupted altar of Lugonu.
 86126 | Abyss:2  | Noticed a bone dragon
 86131 | Abyss:2  | Noticed a bone dragon
 86512 | Abyss:2  | Found a corrupted altar of Lugonu.
 86518 | Abyss:2  | Found a corrupted altar of Lugonu.
 86518 | Abyss:2  | Found a corrupted altar of Lugonu.
 86567 | Abyss:2  | Found a corrupted altar of Lugonu.
 86928 | Elf:3    | Escaped the Abyss
 88682 | Elf:3    | Identified the +10 chain mail "Odia" {rElec}
 88772 | Elf:3    | Identified the +8 mace "Xoifygan" {vamp, ^Fragile rF+
                  | Int+8}
 88915 | Elf:3    | Identified the +7 arbalest of Juorph {antimagic, +Blink
                  | rElec rC+ Int+3}
 90251 | Vaults:1 | Entered Level 1 of the Vaults
 92431 | Vaults:1 | Identified the amulet of Pyrenuec {rPois rC+ Regen+ rCorr
                  | Dex+2}
 92929 | Vaults:1 | Found Beov's Weapon Shop.
 93006 | Vaults:1 | Reached XP level 21. HP: 132/132 MP: 30/37
 93253 | Vaults:1 | Received a gift from Sif Muna
 93494 | Vaults:1 | Reached skill level 15 in Fighting
 93994 | Shoals:2 | Learned a level 8 spell: Lehudib's Crystal Spear
 94622 | Vaults:2 | Reached skill level 11 in Earth Magic
 95240 | Vaults:2 | Reached skill level 12 in Earth Magic
 96124 | Vaults:2 | Reached skill level 13 in Earth Magic
 96303 | Vaults:2 | Found Rixiot's Armour Boutique.
 96310 | Vaults:2 | Bought a +1 pair of boots of stealth for 280 gold pieces
 96530 | Vaults:2 | Reached skill level 14 in Earth Magic
 96842 | Vaults:2 | Found a staircase to the Crypt.
 96903 | Vaults:2 | You are sucked into a shaft and drop 1 floor!
 97168 | Vaults:3 | Reached skill level 15 in Earth Magic
 97366 | Vaults:3 | Found a flickering gateway to a bazaar.
 97374 | Bazaar   | Entered a bazaar
 97378 | Bazaar   | Found Bixzamoz's Distillery.
 97400 | Bazaar   | Found Qiosom's Antique Weapon Emporium.
 97415 | Bazaar   | Found Xeihaida's Book Boutique.
 97438 | Bazaar   | Found Roink's Distillery.
 97465 | Bazaar   | Bought a potion of cancellation for 96 gold pieces
 97465 | Bazaar   | Bought a potion of cancellation for 96 gold pieces
 97465 | Bazaar   | Bought a potion of brilliance for 48 gold pieces
 97465 | Bazaar   | Bought a potion of mutation for 96 gold pieces
 97465 | Bazaar   | Bought a potion of haste for 120 gold pieces
 97481 | Bazaar   | Bought a potion of heal wounds for 55 gold pieces
 97481 | Bazaar   | Bought a potion of haste for 110 gold pieces
 97481 | Bazaar   | Bought a potion of heal wounds for 55 gold pieces
 97481 | Bazaar   | Bought a potion of invisibility for 88 gold pieces
 97481 | Bazaar   | Bought a potion of haste for 110 gold pieces
 97712 | Vaults:2 | Received a gift from Sif Muna
 97894 | Vaults:2 | Got Sif Muna's Anthology of the Catacomb {god gift}
 97956 | Vaults:2 | Reached skill level 16 in Earth Magic
 99309 | Vaults:3 | Reached skill level 17 in Earth Magic
 99577 | Vaults:3 | Reached XP level 22. HP: 134/140 MP: 16/38
100012 | Vaults:3 | Identified the +3 morningstar of Pride {antimagic, Int+6}
100610 | Vaults:4 | Reached skill level 18 in Earth Magic
101593 | Vaults:4 | Reached skill level 19 in Earth Magic
103192 | Vaults:4 | Got Geos's Compilation of Astrapomancy
103438 | Vaults:4 | Received a gift from Sif Muna
103439 | Vaults:4 | Got Sif Muna's Enchiridion on the Tectonic Retinue {god
                  | gift}
103445 | Vaults:4 | Reached skill level 20 in Earth Magic
103662 | Vaults:2 | Learned a level 5 spell: Borgnjor's Vile Clutch
103843 | Depths:1 | Entered Level 1 of the Depths
104915 | Depths:1 | Noticed Boris
105120 | Depths:1 | Killed Boris
105333 | Depths:1 | Found a bloodstained altar of Trog.
105343 | Depths:1 | You are sucked into a shaft and drop 1 floor!
105816 | Depths:2 | Found a one-way gateway to a ziggurat.
106231 | Depths:1 | Found a one-way gate leading to the halls of Pandemonium.
106472 | Depths:1 | Found Noly's Book Emporium.
106472 | Depths:1 | Found Miqyf's Jewellery Shop.
106473 | Depths:1 | Found Lotae's Jewellery Shop.
106491 | Depths:1 | Learned a level 9 spell: Shatter
106495 | Depths:1 | Bought the ring of Fragile Peace {Will+ EV+5} for 680 gold
                  | pieces
106613 | Depths:1 | Found a gateway to Hell.
106674 | Depths:1 | Found a one-way gate to the infinite horrors of the Abyss.
107144 | Depths:2 | Reached XP level 23. HP: 142/144 MP: 20/41
108582 | Depths:2 | Reached skill level 15 in Spellcasting
108790 | Depths:2 | Identified the +5 plate armour "Ypuuz" {rF++ Regen+ rCorr
                  | Int-2}
109100 | Depths:2 | Identified the +0 leather armour of Veeffeg {rN+ Dex+3}
109198 | Depths:2 | Noticed a juggernaut
109204 | Depths:2 | Killed a juggernaut
109554 | Depths:2 | Received a gift from Sif Muna
109555 | Depths:2 | Got Sif Muna's Collected Works on the Floating Discharge
                  | {god gift}
110046 | Depths:3 | Reached skill level 21 in Earth Magic
110266 | Depths:3 | Noticed Mara
110305 | Depths:3 | Killed Mara
110698 | Depths:3 | Noticed Boris
110707 | Depths:3 | Killed Boris
111000 | Depths:3 | Found a transporter.
111005 | Depths:3 | Found a transporter.
111007 | Depths:3 | Found a transporter.
111310 | Depths:3 | Reached skill level 22 in Earth Magic
112068 | Depths:3 | Found a transporter.
112390 | Depths:3 | Received a gift from Sif Muna
112488 | Depths:3 | Noticed a golden dragon
112535 | Depths:3 | Killed a golden dragon
112797 | Depths:3 | Reached skill level 23 in Earth Magic
113251 | Depths:3 | Noticed a juggernaut
113262 | Depths:3 | Killed a juggernaut
113749 | Depths:3 | Reached XP level 24. HP: 150/150 MP: 22/42
113750 | Depths:3 | Noticed a caustic shrike
113758 | Depths:3 | Killed a caustic shrike
114254 | Depths:3 | Noticed a caustic shrike
114264 | Depths:3 | Killed a caustic shrike
114265 | Depths:3 | Reached skill level 24 in Earth Magic
114621 | Depths:3 | Identified the staff of the Stork {+Blink rF+ Fire}
115447 | Depths:3 | Noticed a juggernaut
115456 | Depths:3 | Killed a juggernaut
116036 | Depths:4 | Entered Level 4 of the Depths
116044 | Depths:4 | shadowrider38: !nchoice
116044 | Depths:4 | beem: HuDe: 0 wins || iamserjio: CUE, L7 Slasher of Nemelex
                  | Xobeh || particleface: CKO, L6 Trooper of Okawaru ||
                  | SuperJoe: CBR2, L2 Sneak of Gozag || Skimidon: CUE, L1
                  | Sneak of No God
116044 | Depths:4 | shadowrider38: !nchoice grre
116051 | Depths:4 | beem: GrRe: 2 wins || shadowrider38: CBR2, L23
                  | Metallomancer of Sif Muna || AutarchDCSS: CAO, L21
                  | Metallomancer of Sif Muna || Dani: CAO, L20 Severer of
                  | Okawaru || grumposus: CKO, L15 Basher of Ashenzari ||
                  | Sergey: CXC, L14 Thaumaturge of Sif Muna || jt: CXC, L13
                  | Fighter of Yredelemnul || TobyConnect: CXC, L12 Fighter of
                  | Gozag || Gryn: CKO, L11 Basher of Wu Jian || piedemon: CAO,
                  | L11 Basher of Ru ||
116053 | Depths:4 | beem: flestrin: CXC, L10 Basher of Okawaru || Theoretic:
                  | CBR2, L9 Destroyer of Vehumet || Coaxmetal: CKO, L8 Twirler
                  | of No God || Skimidon: CXC, L7 Trooper of No God || zkyp:
                  | CXC, L6 Chopper of Makhleb || puimuR: CUE, L5 Chopper of
                  | The Shining One
116872 | Depths:4 | Reached skill level 25 in Earth Magic
117155 | Depths:4 | Found Xaxzujai's Antique Armour Shop.
117164 | Depths:4 | Received a gift from Sif Muna
117207 | Depths:4 | Noticed Boris
117333 | Depths:4 | Killed Boris
118478 | Depths:3 | Learned a level 5 spell: Yara's Violent Unravelling
118806 | Depths:4 | Found a gate to the Realm of Zot.
119035 | Depths:4 | Identified the +0 chain mail "Teazucw" {^Contam +Inv rC+
                  | Dex+2 Slay+4}
119080 | Depths:4 | Bought a faintly glowing cloak for 342 gold pieces
119080 | Depths:4 | Identified the +0 cloak of Distant Worlds {+Inv Dex+2} (You
                  | bought it in a shop on level 4 of the Depths)
119085 | Depths:4 | Got Sif Muna's Compilation of Freezing and Orientation {god
                  | gift}
119374 | Depths:4 | Found a broken altar of Ashenzari.
119481 | Depths:4 | Found a hide-covered altar of Uskayaw.
119609 | Depths:4 | Identified the +3 chain mail of Qegiurph {Regen+ rCorr}
120215 | Lair:4   | Reached skill level 3 in Hexes
120330 | Slime:1  | Entered Level 1 of the Pits of Slime
120715 | Slime:1  | Received a gift from Sif Muna
120716 | Slime:1  | Got Sif Muna's Information on Enchanting Air {god gift}
121252 | Slime:3  | Reached XP level 25. HP: 155/155 MP: 16/43
121582 | Slime:5  | Entered Level 5 of the Pits of Slime
121582 | Slime:5  | Found the +8 demon trident "Rift" {distort, reach+}
121645 | Slime:5  | Reached skill level 26 in Earth Magic
121882 | Slime:5  | Gained mutation: You have a pair of small horns on your
                  | head. [a shining eye]
122107 | Slime:5  | Found a viscous altar of Jiyva.
122124 | Slime:5  | Noticed the Royal Jelly
123299 | Slime:5  | Killed the Royal Jelly
123566 | Slime:5  | Identified the +7 dire flail "Ojuydghyla" {speed, rElec
                  | Int+6}
123567 | Slime:5  | Identified the staff of Tuinyoc {Conj Earth}
123580 | Slime:5  | Identified the +3 battleaxe "Idut" {drain, rC+ Int+2
                  | Stlth+}
123602 | Slime:5  | Got the Incunabulum of Deathly Beguiling
123615 | Slime:5  | Got a slimy rune of Zot
123718 | Slime:5  | Identified the +1 robe "Quloboy" {rPois Str+6 Dex+3 Stlth-}
123753 | Slime:5  | Identified the staff of Wec Aduo {rF+ rCorr Stlth+ Earth}
123776 | Slime:5  | Identified the +3 scale mail "Verighob" {+Blink Will++
                  | Stlth-}
124555 | Snake:4  | Bought a wand of digging (3) for 201 gold pieces
124888 | Zot:1    | Entered Level 1 of the Realm of Zot
126023 | Zot:1    | Reached skill level 27 in Earth Magic
128531 | Zot:5    | Entered Level 5 of the Realm of Zot
128667 | Zot:4    | Noticed Parghit
128677 | Zot:4    | Killed Parghit
128930 | Zot:5    | Received a gift from Sif Muna
128931 | Zot:5    | Got Sif Muna's Octavo of Striking and Companions {god gift}
130372 | Zot:5    | shadowrider38: !nchoice grre
130566 | Zot:5    | beem: GrRe: 3 wins || shadowrider38: CBR2, L25
                  | Petrodigitator of Sif Muna || Dani: CAO, L22 Severer of
                  | Okawaru || jt: CXC, L17 Black Crusader of Yredelemnul ||
                  | grumposus: CKO, L15 Basher of Ashenzari || Coaxmetal: CKO,
                  | L14 Cruncher of Vehumet || piedemon: CAO, L13 Cleaver of Ru
                  | || Gryn: CKO, L11 Basher of Wu Jian || flestrin: CXC, L10
                  | Basher of Okawaru || SnakkuSnakku7: CBR2, L10 Fighter of
                  | Okawaru ||
130566 | Zot:5    | beem: Theoretic: CBR2, L9 Destroyer of Vehumet || puimuR:
                  | CUE, L1 Conjurer of No God
131425 | Zot:5    | shadowrider38: !lg * won grre
131425 | Zot:5    | beem: 32. Sergey the Worldbinder (L26 GrRe of Sif Muna),
                  | escaped with the Orb and 7 runes and 1 gem (0 intact) on
                  | 2024-01-27 18:21:58, with 4682198 points after 83534 turns
                  | and 4:22:17.
131442 | Zot:5    | Noticed a Killer Klown
131447 | Zot:5    | Noticed an orb of fire
131447 | Zot:5    | Gained mutation: You occasionally lose the ability to drink
                  | potions when taking damage. [an orb of fire]
131452 | Zot:5    | Gained mutation: Your muscles are strong. (Str +4, Int/Dex
                  | -1) [an orb of fire]
131455 | Zot:5    | Killed an orb of fire
131458 | Zot:5    | Noticed a Killer Klown
131460 | Zot:5    | Killed a Killer Klown
131461 | Zot:5    | Reached XP level 26. HP: 169/170 MP: 16/43
131568 | Zot:5    | Noticed a Killer Klown
131572 | Zot:5    | Killed a Killer Klown
131626 | Zot:5    | Killed a Killer Klown
131803 | Zot:5    | Noticed a Killer Klown
131808 | Zot:5    | Killed a Killer Klown
132117 | Zot:5    | Noticed a Killer Klown
132140 | Zot:5    | Killed a Killer Klown
132247 | Zot:5    | Got the Orb of Zot
132248 | Zot:5    | Noticed a Killer Klown
132248 | Zot:5    | Noticed a Killer Klown
132248 | Zot:5    | Noticed a Killer Klown
132248 | Zot:5    | Noticed a Killer Klown
132248 | Zot:5    | Noticed a Killer Klown
132316 | Zot:4    | Noticed Setucw the pandemonium lord
132316 | Zot:4    | Noticed an ancient lich
132831 | D:$      | Escaped with the Orb!

Illustrated notes

Levels and vault maps discovered:
D:1:      dpeg_arrival_rhombi, layout_basic, dreamdust_wishing_well,
          corner_web_ring, minmay_heptomino_d4
D:2:      layout_loops_corners, glass_columns_a, st_stairs_9, grunt_ministairs_7
D:3:      layout_basic
D:4:      layout_loops_ring, okawaru_altar_gauntlet_db
D:5:      layout_basic, minmay_temple_entry_gardened_gates,
          nicolae_hexahallways, st_stairs_3
D:6:      wad_woods_tower, layout_cave_pools, nrook_uturn,
          kennysheep_generic_room_9
D:7:      layout_loops_ring
D:8:      layout_rooms, nicolae_nh_oracle_at_delphi
D:9:      layout_gridville, gammafunk_ghost_spectres, enter_bailey_6,
          nicolae_lava_and_water, roderic_batcave, uniq_grum,
          uniq_prince_ribbit1
D:10:     layout_basic, dpeg_oklobed_lair, onia_ninara_cookie
D:11:     gammafunk_sealed_arena, layout_loops_ring, gauntlet_entry_generic,
          hangedman_abyss_or_decor_stabs
D:12:     layout_cave_pods, orc_0_dummy, grunt_decor_fettered, vehumet_crystals
D:13:     layout_layer_cave, ximxim_vaults_locker_room, serial_shops, shop,
          makhleb_altar_promises_db
D:14:     layout_roguey, led_sif_pool, corexii_checkpoint,
          nicolae_shop_i_like_big_books, minmay_sticks_and_stones, uniq_nessos,
          uniq_agnes
D:15:     hangedman_depths_entry_civil_slaughter, layout_loops_ring,
          chequers_serial_rivers_room_b
Temple:   nicolae_temple_the_god_donut
Lair:1:   layout_long_grid
Lair:2:   layout_cave_shapes, minmay_snake_entry_guardpost_medium,
          infiniplex_staircase_pool_2, grunt_megastairs_3, uniq_amaemon
Lair:3:   layout_gridlike, minmay_shoals_entry_centaurs,
          nicolae_volcano_entry_batcave, ice2_lemuel, uniq_nergalle
Lair:4:   layout_roguey, slime_entry_2, lemuel_fruit_fields, uniq_snorg
Lair:5:   due_jungle_book, layout_regular_city, kilobyte_rumbling_trees,
          grunt_megastairs_4
Shoals:1: layout_shoals, st_cyclops
Shoals:2: layout_shoals, nicolae_shoals_secluded_bog, uniq_aizul, uniq_ilsuiw
Shoals:3: layout_shoals, nicolae_tricolors
Shoals:4: shoals_end_hangedman, layout_shoals, lemuel_altar_in_water
Snake:1:  layout_grid_shapes
Snake:2:  layout_cave_shapes, nicolae_shop_clearance
Snake:3:  layout_basic, nicolae_triple_integral
Snake:4:  hellmonk_snake_rune_quicksilver_temple, layout_cave_town,
          serial_shops, nicolae_shop_window_shopping, basic_altar, st_stairs_5
Slime:1:  layout_caves
Slime:2:  layout_caves, nicolae_slime_rock_hall_of_fame
Slime:3:  layout_caves
Slime:4:  layout_caves
Slime:5:  slime_pit_nicolae_jellycorners
Orc:1:    layout_caves, ebering_ghost_xom
Orc:2:    grunt_orc_gardens, layout_caves, grunt_orc_garden, grunt_orc_garden,
          grunt_orc_garden, grunt_orc_garden, abandoned_shop,
          nicolae_orc_stalacmites, nicolae_orc_lava_tube, uniq_erolcha,
          uniq_jorgrun, uniq_azrael, uniq_sonja
Elf:1:    elf_arrival_001, layout_loops_corners, minmay_elf_sorcery,
          minmay_misc_feat_pillars, lemuel_upstairs_altar
Elf:2:    nicolae_elf_blades_splatter_lattice [mumra_blade_entry_dagger],
          layout_geoelf_grid
Elf:3:    grunt_elf_hall_spiral, layout_loops_ring
Vaults:1: nicolae_vaults_hallways_thing, nicolae_vaults_diamond_2,
          hangedman_vaults_snaps, ontoclasm_vaults_idyll, st_lines,
          nicolae_vaults_storage_closets_1, nicolae_vaults_little_squares_1,
          v_alt_pattern_4, v_misc_8, hangedman_vaults_slither,
          nicolae_vaults_tetromino_L_1, nicolae_vaults_offset_grid_hallway_2,
          nicolae_vaults_little_ls, nicolae_vaults_surprise_closet,
          nicolae_vaults_little_squares_6, v_misc_14, layout_vaults_big_cross,
          serial_shops, shop
Vaults:2: nicolae_vaults_whirlpool_walls, nicolae_vaults_big_angled_halls,
          blue_anna_dwarven_crypt, vaults_mumra_minichess,
          nicolae_vaults_little_squares_3, vaults_mumra_minichess_inversion,
          minmay_orc_keep, vaults_room_corners, layout_vaults_omnigrid,
          serial_shops, shop
Vaults:3: nicolae_vaults_shrinking_rooms_2, nicolae_vaults_stepped_doors,
          nicolae_vaults_network_star, nicolae_vaults_tetromino_L_2,
          nicolae_vaults_tetromino_Z_2, v_misc_11, nicolae_vaults_tetromino_L_2,
          v_misc_32, grunt_vaults_funnel, nicolae_vaults_tetromino_L_2,
          nicolae_vaults_diamond_2, vaults_room_semicircle,
          nicolae_vaults_tetromino_L_1, layout_vaults_omnibox, serial_shops,
          bzr_in_the_mist
Vaults:4: v_alt_pattern_6, nicolae_vaults_tangram_1, nicolae_vaults_mitosis,
          v_alt_pattern_2, nicolae_vaults_closet_pinwheel_6, grunt_vaults_swirl,
          hangedman_vaults_cutoff, nicolae_vaults_an_arrangement, serial_ice_m,
          ontoclasm_vaults_shuriken, vaults_dpeg_cross,
          nicolae_vaults_tetromino_L_1, nicolae_vaults_trapezoid_lopsided_1,
          nicolae_vaults_storage_room_statues, layout_vaults_ring
Depths:1: layout_cave_pools, hell_entry, abyss_entry_crystal,
          grunt_pan_entry_zigzag, bloody_trog, minmay_shop_grove, uniq_boris
Depths:2: minmay_the_grid_3x2 [minmay_the_grid_large_cup, minmay_the_grid_empty,
          minmay_the_grid_paths, minmay_the_grid_minigrid_medium,
          minmay_the_grid_square_x, minmay_the_grid_prize_big_room],
          layout_honeycomb, enter_ziggurat_b, abyss_entry, hell_entry,
          rand_demon_pan_entry_4
Depths:3: hangedman_box_tower, layout_cave_pools, abyss_entry,
          grunt_mini_vestibule, chequers_serial_rivers_micro_b,
          nicolae_transporter_circle, uniq_mara
Depths:4: grunt_zot_entry_funnels, layout_gridlike, serial_shops, shop,
          grunt_hell_entry_dis_old, lemuel_round_altar,
          nicolae_uskayaw_dance_hall, grunt_megastairs_5,
          infiniplex_staircase_pool_lava
Zot:1:    layout_twisted_circle, grunt_megastairs_2
Zot:2:    layout_concentric_octagons, ebering_ghost_xom
Zot:3:    layout_cathedral_of_symmetry, hangedman_zot_decor_unnerving_road,
          guppyfry_library_mini
Zot:4:    layout_onion, regret_index_zotdec_golden_two_three, uniq_parghit
Zot:5:    layout_misc_corridors, hangedman_zot_gyre

Skill      XL: |  1  2  3  4  5  6  7  8  9 10 11 12 13 14 15 16 17 18 19 20 21 22 23 24 25 |
---------------+----------------------------------------------------------------------------+-----
Fighting       | 3 4 5 6 8 10 12 13 14 15 18 | 18.9
Conjurations   | 4 5 6 7 10 12 14 16 18 20 | 20.0
Earth Magic    | 3 5 6 7 9 10 17 20 23 25 27 | 27.0
Spellcasting   | 3 5 6 7 8 9 10 12 14 15 16 | 16.7
Stealth        | 2 |  2.0
Polearms       | 3 4 6 |  6.0
Dodging        | 2 3 4 5 |  5.0
Invocations    | 4 5 8 10 | 10.0
Alchemy        | 5 7 8 9 10 12 | 12.0
Shields        | 4 10 12 | 12.0
Translocations | 3 4 |  4.0
Evocations     | 4 5 6 |  6.5
Fire Magic     | 4 5 |  5.0
Summonings     | 11 12 | 12.0
Hexes          | 5 |  5.0
Maces & Flails | |  3.0
Air Magic      | |  0.6

Action                     |  1- 3 |  4- 6 |  7- 9 | 10-12 | 13-15 | 16-18 | 19-21 | 22-24 | 25-27 || total
---------------------------+-------+-------+-------+-------+-------+-------+-------+-------+-------++-------
  Melee: Mace              |    30 |    18 |       |       |       |       |       |       |       ||    48
         Flail             |       |     7 |    13 |       |       |       |       |       |       ||    20
         Glaive            |       |       |    29 |       |       |       |       |       |       ||    29
         Halberd           |       |       |       |   177 |    43 |       |       |       |       ||   220
         Staff             |       |       |       |       |    74 |    27 |    22 |    41 |    29 ||   193
         Headbutt          |       |       |       |       |       |       |       |       |     4 ||     4
  Throw: Stone             |     6 |       |       |       |       |       |       |       |       ||     6
         Dart              |       |       |       |       |     3 |       |       |       |       ||     3
         Throwing net      |       |       |       |       |     1 |       |       |       |       ||     1
   Cast: Shock             |    45 |    72 |    62 |       |       |       |       |       |       ||   179
         Searing Ray       |     5 |     5 |     5 |     1 |       |       |       |       |       ||    16
         Stone Arrow       |       |    12 |    95 |   230 |   589 |   319 |    49 |       |       ||  1294
         Brom's Barrelling |       |       |       |    27 |     6 |       |       |       |       ||    33
         Fulminant Prism   |       |       |       |     8 |    82 |    31 |     3 |       |       ||   124
         Blink             |       |       |       |     3 |     7 |       |     1 |       |       ||    11
         Irradiate         |       |       |       |       |    98 |   120 |    71 |    63 |    22 ||   374
         Olgreb's Toxic Ra |       |       |       |       |       |   256 |   321 |   205 |     7 ||   789
         Ignite Poison     |       |       |       |       |       |   127 |   159 |    94 |     3 ||   383
         Orb of Destructio |       |       |       |       |       |    55 |    19 |       |       ||    74
         Sandblast         |       |       |       |       |       |     1 |       |       |       ||     1
         Spellforged Servi |       |       |       |       |       |       |   115 |   131 |    74 ||   320
         Lehudib's Crystal |       |       |       |       |       |       |     2 |    27 |    61 ||    90
         Borgnjor's Vile C |       |       |       |       |       |       |       |   179 |    75 ||   254
         Shatter           |       |       |       |       |       |       |       |     1 |     4 ||     5
         Yara's Violent Un |       |       |       |       |       |       |       |     1 |       ||     1
         Maxwell's Capacit |       |       |       |       |       |       |       |       |     1 ||     1
 Invoke: Channel Magic     |       |       |       |     3 |     2 |     2 |     4 |       |     1 ||    12
         Forget Spell      |       |       |       |       |       |       |     2 |       |       ||     2
         Divine Exegesis   |       |       |       |       |       |       |       |       |     1 ||     1
  Evoke: Wand              |       |       |     2 |     9 |     2 |     2 |     3 |       |     6 ||    24
    Use: Scroll            |     1 |     4 |     4 |    17 |    11 |     9 |     9 |     8 |    17 ||    80
         Potion            |       |       |       |       |     7 |     1 |       |     1 |     4 ||    13
   Stab: Distracted        |       |       |       |       |       |       |     1 |       |       ||     1
 Armour: Leather armour    |    29 |    22 |    63 |       |       |       |       |       |       ||   114
         Ring mail         |       |       |     6 |   130 |       |       |       |       |       ||   136
         Acid dragon scale |       |       |       |   195 |   412 |   479 |   463 |   332 |   206 ||  2087
  Dodge: Dodged            |    31 |    21 |    48 |   182 |   194 |   183 |   131 |   111 |   103 ||  1004
  Block: Other             |     3 |    11 |    21 |    84 |    26 |       |       |       |       ||   145
         Reflection        |       |     2 |     1 |     5 |       |       |       |       |       ||     8
         Kite shield       |       |       |       |       |   243 |   298 |   251 |   275 |   155 ||  1222
